 Dungeon Crawl Stone Soup version 0.17.1-2-g5865329 (webtiles) character file.

19 WBL1 the Magician (level 2, 0/17 HPs)
             Began as an Octopode Wizard on Feb 4, 2016.
             Slain by a jackal (2 damage)
             ... on level 4 of the Dungeon.
             The game lasted 00:04:55 (983 turns).

WBL1 the Magician (Octopode Wizard)                  Turns: 983, Time: 00:04:55

Health: 0/17       AC:  1    Str:  6    XL:     2   Next: 75%
Magic:  2/6        EV: 12    Int: 24    God:
Gold:   103        SH:  0    Dex: 10    Spells: 1 memorised, 6 levels left

rFire  . . .     SeeInvis .     k - +0 short sword
rCold  . . .     Clarity  .     (no shield)
rNeg   . . .     SustAt   +     a - +0 hat
rPois  .         Gourm    .     f - amulet of regeneration
rElec  .         Spirit   .     g - +4 ring of intelligence
rCorr  .         Warding  .     q - ring of sustain attributes
rMut   .         Stasis   .     (no ring)
MR     .....                    (no ring)
Stlth  +++.......               (no ring)
                                (no ring)
                                (no ring)
                                (no ring)

@: not resistant to hostile enchantments, fairly stealthy
A: almost no armour, amphibious, 8 rings, constrict 8, camouflage 1, gelatinous
body 1
a: no special abilities


You were on level 4 of the Dungeon.
You were not hungry.

You visited 1 branch of the dungeon, and saw 4 of its levels.

You collected 103 gold pieces.

Inventory:

Hand Weapons
 e - a +0 dagger
 k - a +0 short sword (weapon)
Missiles
 s - 15 poisoned needles
Armour
 a - a +0 hat (worn)
Jewellery
 f - an amulet of regeneration (around mantle)
 g - a +4 ring of intelligence (left tentacle)
 j - an uncursed amulet of warding
 q - a ring of sustain attributes (right tentacle)
Scrolls
 d - 2 scrolls of remove curse {unknown}
 i - a scroll of random uselessness {unknown}
 m - a scroll of teleportation {unknown}
 n - a scroll of fog {unknown}
 o - a scroll of identify {unknown}
 p - 2 scrolls of recharging {unknown}
 r - a scroll of fear {unknown}
 u - a scroll of enchant armour {unknown}
Potions
 t - 2 potions of lignification {unknown}
 v - a potion of degeneration {unknown}
Books
 b - a book of Minor Magic

   Spells                             Type                      Level
   a - Magic Dart                     Conjuration                  1
   b - Blink                          Translocation                2
   c - Call Imp                       Summoning                    2
   d - Repel Missiles                 Charms/Air                   2
   e - Slow                           Hexes                        2
   f - Conjure Flame                  Conjuration/Fire             3
   g - Mephitic Cloud                 Conjuration/Poison/Air       3
Comestibles
 c - 3 bread rations
 h - a meat ration
 l - 3 fruits
 w - 3 chunks of flesh


   Skills:
 - Level 2.0 Dodging
 - Level 2.6 Stealth
 - Level 3.0 Spellcasting
 + Level 2.6 Conjurations
   Level 1.0 Summonings
   Level 1.0 Translocations


You had 6 spell levels left.
You knew the following spells:

 Your Spells              Type           Power        Failure   Level  Hunger
a - Magic Dart            Conj           ###.         4%          1    None


Dungeon Overview and Level Annotations

Branches:
Dungeon (4/15)
 Temple: D:4-7

Altars:

Annotations:
D:2 exclusion: adder


Innate Abilities, Weirdness & Mutations

You cannot wear most types of armour.
You are amphibious.
You can wear up to eight rings at the same time.
You can use your tentacles to constrict eight enemies at once.
Your skin changes colour to match your surroundings (Stealth).
Your rubbery body absorbs attacks (AC +1).


Message History

Casting: Magic Dart
Confirm with . or Enter, or press ? or * to list all spells.
Aiming: Magic Dart
Press: ? - help, Shift-Dir - straight line, f - jackal
Aim: a jackal The magic dart hits the jackal.
The jackal is lightly wounded.
The jackal bites you.
* * * LOW HITPOINT WARNING * * *
The jackal bites you.
* * * LOW HITPOINT WARNING * * *
Casting: Magic Dart
Confirm with . or Enter, or press ? or * to list all spells.
Aiming: Magic Dart
Press: ? - help, Shift-Dir - straight line, f/p - jackal
Aim: a jackal (lightly wounded)
The magic dart hits the jackal.
The jackal is severely wounded.
The jackal bites you.
You die...

###'###......#.
.........#)....#......#.
.........#....##......##
.........#....##......##
.........#....'.........
.........#....#.........
.......#....#.........
#....####.#####...##
..##..@h####.##.######
...................)..
......................
......................
......................
......................
....................$.
......................
..##.##...###.?.####.


You could see a jackal.

Vanquished Creatures
  An ooze (D:1)
  A giant gecko (D:4)
  An orc (D:4)
  A goblin (D:1)
  A hobgoblin (D:1)
  2 giant newts (D:1)
  A jackal (D:4)
  3 kobolds
  3 rats
14 creatures vanquished.

Notes
Turn   | Place    | Note
--------------------------------------------------------------
     0 | D:1      | WBL1 the Octopode Wizard began the quest for the Orb.
     0 | D:1      | Reached XP level 1. HP: 11/11 MP: 4/4
   239 | D:1      | Reached XP level 2. HP: 12/17 MP: 4/6
   983 | D:4      | Slain by a jackal

Action                   || total
-------------------------++-------
Melee: Dagger            ||     4
       Short sword       ||     3
 Cast: Magic Dart        ||    36
 Stab: Sleeping          ||     1
